 Dungeon Crawl Stone Soup version 0.28-a0-199-g298df9dbad (webtiles) character file.

Game seed: 5767929430655033460

37 freelancePsychic the Slasher (level 3, 0/43 HPs)
             Began as a Vampire Berserker on Aug 19, 2021.
             Was a Follower of Trog.
             Killed from afar by Sigmund (5 damage)
             ... with a magic dart
             ... on level 2 of the Dungeon.
             The game lasted 00:02:45 (999 turns).

freelancePsychic the Slasher (Vampire Berserker)     Turns: 999, Time: 00:02:45

Health: 0/43       AC: 21    Str: 16    XL:     3   Next: 23%
Magic:  3/3        EV:  2    Int:  9    God:    Trog [*.....]
Gold:   74         SH:  0    Dex: 14    Spells: 2/2 levels left

rFire   . . .      SeeInvis +   a - +0 falchion
rCold   . . .      Faith    .   (no shield)
rNeg    + + +      Spirit   .   (armour currently unavailable)
rPois   +          Reflect  .   (helmet currently unavailable)
rElec   .          Harm     .   (cloak currently unavailable)
rCorr   .          Rampage  .   (gloves currently unavailable)
Will    .....      NoTele   +   (boots currently unavailable)
Stlth   +.........              (no amulet)
HPRegen 0.34/turn               (no ring)
MPRegen 0.08/turn               (no ring)

@: confused, brilliant, tree-form (expiring), on berserk cooldown, healing
quickly, hasted and slowed
A: stationary, stasis, torment immunity, boosted hp, alive, (fangs 3), see
invisible, vampiric 2
a: Exsanguinate, Renounce Religion, Berserk


You were on level 2 of the Dungeon.
You worshipped Trog.
Trog was aware of your devotion.
You were a tree.
You visited 1 branch of the dungeon, and saw 3 of its levels.

You collected 74 gold pieces.

Inventory:

Hand Weapons
 a - a +0 falchion (weapon)
Armour
 b - a +0 animal skin
 d - a +0 ring mail (melded)
Jewellery
 f - a +4 ring of evasion


   Skills:
 + Level 3.0 Fighting
 * Level 3.7 Long Blades
 - Level 1.5 Armour
 + Level 2.7 Dodging


You had 2 spell levels left.
You didn't know any spells.
Your spell library was empty.

Dungeon Overview and Level Annotations

Branches:
Dungeon (3/15)

Altars:

Shops:
D:1 *

Annotations:
D:2 Sigmund


Innate Abilities, Weirdness & Mutations

You are a tree.
Your roots penetrate the ground, keeping you stationary.
You cannot be teleported.
You are immune to unholy pain and torment.
Your maximum health is greatly increased.
Your equipment is partially melded.
Your natural rate of healing is accelerated.
((You have razor-sharp teeth.))
You have supernaturally acute eyesight. (SInv)
You are afflicted with vampirism and can become a bat while bloodless.


Message History

It was a potion of lignification.
You turn into a tree.
Your +0 ring mail melds into your body.
Your roots penetrate the ground.
Sigmund hits you from afar with a +0 scythe.
* * * LOW HITPOINT WARNING * * *
It was a potion of curing.
You feel better. Sigmund hits you but does no damage.
It was a potion of brilliance.
You feel clever all of a sudden.
Sigmund hits you from afar with a +0 scythe.
You aren't carrying any items that you can evoke.
Unknown command.
You aren't carrying any scrolls.
Unknown command.
Sigmund barely misses you. Sigmund hits you but does no damage.
Sigmund hits you from afar with a +0 scythe.
* * * LOW HITPOINT WARNING * * *
Sigmund hits you but does no damage.
Sigmund hits you from afar with a +0 scythe.
* * * LOW HITPOINT WARNING * * *
Sigmund hits you but does no damage.
Sigmund mumbles some strange words.
Sigmund flickers and vanishes for a moment.
You aren't carrying any scrolls.
You feel yourself speed up. Sigmund completely misses you.
Sigmund hits you from afar with a +0 scythe.
* * * LOW HITPOINT WARNING * * *
Sigmund hits you from afar with a +0 scythe.
* * * LOW HITPOINT WARNING * * *
Sigmund hits you but does no damage.
Your transformation is almost over.
Sigmund hits you but does no damage.
You cannot move.
Sigmund laughs darkly.
Sigmund casts a spell at you.
You are confused.
Sigmund hits you but does no damage.
Sigmund points at you and mumbles some strange words.
The magic dart hits you.
You die...

###### ####....#
#....##.#
####....##.########
#>♣................
#.##@...##.)..#####
#.)................
####.#...)........[
#...#.######...###
##### ###...#.#
####.#.#
#...###.......#
#....#.#
#.#.#.......#####.####
# #.................#


You could see Sigmund (invisible).

Vanquished Creatures
  Jessica (D:2)
  A ball python (D:2)
  An endoplasm (D:1)
  A giant cockroach (D:1)
  A goblin (D:2)
  3 hobgoblins
  A quokka (D:2)
  A rat (D:1)
10 creatures vanquished.

Notes
Turn   | Place    | Note
-------+----------+-------------------------------------------
     0 | D:1      | freelancePsychic the Vampire Berserker began the quest for
                  | the Orb.
     0 | D:1      | Reached XP level 1. HP: 17/17 MP: 1/1
   274 | D:1      | Found Roijac's General Store.
   302 | D:1      | Found a faded altar of an unknown god.
   852 | D:2      | Reached XP level 2. HP: 22/23 MP: 2/2
   916 | D:2      | Noticed Sigmund
   916 | D:2      | Noticed Jessica
   947 | D:3      | Noticed a phantom
   974 | D:2      | Killed Jessica
   975 | D:2      | Gained mutation: You are afflicted with vampirism and can
                  | become a bat while bloodless. [Vampire growth]
   975 | D:2      | Reached XP level 3. HP: 18/29 MP: 3/3
   999 | D:2      | Killed from afar by Sigmund

Illustrated notes

Levels and vault maps discovered:
D:1:      minmay_arrival_nine_rooms, layout_basic,
          dreamdust_ecumenical_altar_hidden_monk_grotto, serial_shops,
          nicolae_shop_crystal, chequers_mini_garden, lemuel_another_geyser
D:2:      layout_basic, serial_shops, shop, serial_park_tiny_2,
          uniq_crazy_yiuf_cottage, uniq_sigmund, uniq_jessica
D:3:      layout_loops_ring, nicolae_elyvilon_temple_path, lemuel_round_altar,
          minmay_misc_feat_roman, uniq_ijyb

Skill      XL: |  1  2 |
---------------+-------+-----
Fighting       | 3 |  3.0
Long Blades    | |  3.7
Armour         | |  1.5
Dodging        | |  2.7

Action                   || total
-------------------------++-------
Melee: Falchion          ||    32
Invok: Berserk           ||     2
  Use: Potion            ||     5
       Scroll            ||     1
Armor: Ring mail         ||     6
       Skin              ||     7
Dodge: Dodged            ||    15
       Rpst.: Falchion   ||     4

Table legend: (Time is in decaauts)
 A = Elapsed time spent in this place.
 B = Non-inter-level travel time spent in this place.
 C = Inter-level travel time spent in this place.
 D = Time resting spent in this place.
 E = Time spent auto-exploring this place.
 F = Levels seen in this place.
 G = Mean time per level.
                   A        B        C        D        E       F      G
               +--------+--------+--------+--------+--------+-----+--------+
         Total |    999 |    968 |     31 |     59 |    778 |   3 |  333.0 |
       Dungeon |    999 |    968 |     31 |     59 |    778 |   3 |  333.0 |
               +--------+--------+--------+--------+--------+-----+--------+

Top non-repeatable levels by time:
     D:1: 800 daAuts
     D:2: 190 daAuts
     D:3: 9 daAuts
